 Dungeon Crawl Stone Soup version 0.20.1-1-g8b1a95d (webtiles) character file.

560 Irenicus the Insei (level 7, -2/46 HPs)
             Began as an Octopode Chaos Knight on Oct 20, 2017.
             Slain by a centaur (7 damage)
             ... summoned by Xom
             ... on level 5 of the Dungeon.
             The game lasted 00:09:12 (3648 turns).

Irenicus the Insei (Octopode Chaos Knight)          Turns: 3648, Time: 00:09:13

Health: -2/46      AC:  1    Str: 12      XL:     7   Next: 31%
Magic:  0/7        EV: 15    Int: 16 (17) God:    Xom [*.....]
Gold:   237        SH:  0    Dex: 13      Spells: 6/6 levels left

rFire    . . .     SeeInvis .   v - +6 whip "Waeli" {freeze, Int+3}
rCold    . . .     Gourm    .   (no shield)
rNeg     . . .     Faith    .   (helmet restricted)
rPois    .         Spirit   +   o - amulet of guardian spirit
rElec    .         Reflect  .   (no ring)
rCorr    .         Harm     .   (no ring)
MR       .....                  (no ring)
Stlth    ++........             (no ring)
Regen    0.2/turn               (no ring)
MPRegen  0.1/turn               (no ring)
                                (no ring)
                                (no ring)

@: no status effects
A: almost no armour, stealthy swim, amphibious, 8 rings, constrict 8, camouflage
1, gelatinous body 1
a: Renounce Religion


You were on level 5 of the Dungeon.
You worshipped Xom.
You were a special plaything of Xom.
You were hungry.

You visited 1 branch of the dungeon, and saw 5 of its levels.

You collected 237 gold pieces.

Inventory:

Hand Weapons
 v - the +6 whip "Waeli" (weapon) {freeze, Int+3}
   (You found it on level 5 of the Dungeon)

   It has been specially enchanted to freeze those struck by it, causing extra
   injury to most foes and up to half again as much damage against particularly
   susceptible opponents.
   It can also slow down cold-blooded creatures.
   It affects your intelligence (+3).
Jewellery
 o - an amulet of guardian spirit (around mantle)
Wands
 t - a wand of confusion (10/48)
 w - a wand of digging (12/24)
Scrolls
 b - a scroll of remove curse {unknown}
 d - a scroll of noise {unknown}
 e - 2 scrolls of enchant weapon {unknown}
 g - 5 scrolls of identify {unknown}
 j - 2 scrolls of fog {unknown}
 k - 2 scrolls of fear {unknown}
 n - 2 scrolls of amnesia {unknown}
 q - a scroll of blinking {unknown}
 r - 3 scrolls of teleportation {unknown}
Potions
 c - 2 potions of brilliance
 f - 2 potions of curing
Books
 m - a book of Misfortune

   Spells                             Type                      Level
   a - Confusing Touch                Hexes                        1
   b - Confuse                        Hexes                        3
   c - Gell's Gravitas                Translocation                3
   d - Petrify                        Transmutation/Earth          4
   e - Metabolic Englaciation         Hexes/Ice                    5
   f - Yara's Violent Unravelling     Hexes/Transmutation          5
 p - a book of Conjurations

   Spells                             Type                      Level
   a - Magic Dart                     Conjuration                  1
   b - Searing Ray                    Conjuration                  2
   c - Dazzling Spray                 Conjuration/Hexes            3
   d - Fulminant Prism                Conjuration/Hexes            4
   e - Force Lance                    Conjuration/Translocation    4
   f - Iskenderun's Mystic Blast      Conjuration                  4
Comestibles
 a - 4 bread rations
 h - 3 meat rations
 i - 10 fruits
 l - 2 royal jellies


   Skills:
 - Level 3.0 Fighting
 + Level 2.4 Maces & Flails
 + Level 3.8 Dodging
 - Level 7.0 Unarmed Combat


You had 6 spell levels left.
You didn't know any spells.

Dungeon Overview and Level Annotations

Branches:
Dungeon (5/15)             Temple (0/1) D:4

Altars:
Dithmenos
Nemelex Xobeh


Innate Abilities, Weirdness & Mutations

You cannot wear most types of armour.
You are very stealthy in the water. (Stealth+)
You are amphibious.
You can wear up to eight rings at the same time.
You can use your tentacles to constrict eight enemies at once.
Your skin changes colour to match your surroundings (Stealth+).
Your rubbery body absorbs attacks. (AC +1, EV +1)


Message History

The orc barely misses the centaur.
The centaur hits you! The ogre hits you with a giant club!
The centaur wields an uncursed shortbow.
The centaur shoots an arrow.
The arrow barely misses you.
The arrow disappears in a puff of smoke!
The centaur unwields an uncursed shortbow.
The centaur hits you!
* * * LOW HITPOINT WARNING * * *
The orc hits the ogre with a trident.
The centaur hits you.
* * * LOW HITPOINT WARNING * * *
Okay, then.
You barely miss the ogre.
Your tentacle-slap misses the ogre.
The ogre is lightly wounded.
The centaur hits you but does no damage.
The ogre misses you.
You whack the ogre! You freeze the ogre.
The ogre is heavily wounded.
The centaur hits you!
You die... "Boring in life, boring in death..."

#......#....## ##
#.§.......### ###### ##.
#........## ###....###
#.. ##.......##
##........## #..
#..÷...###
###..........# ##.
#.....## ##.%..........#
## ##..###
##.............######
#..#
##...Oc.o.......##....
#..##
#....@................
##..#
#...................#..
#..#
#................####...
##.# ###.............##
##.# ### ######.....####
### #######


You could see an ogre, a centaur and an orc (confused).

Vanquished Creatures
  2 crimson imps (D:5)
  A bullfrog skeleton (D:5)
  An orc wizard (D:5)
  4 orc priests
  A jelly (D:3)
  2 iguanas (D:4)
  Robin (D:4)
  A worker ant zombie (D:5)
  4 gnolls
  7 adders
  An ooze (D:2)
  3 worms
  3 dart slugs
  The ghost of dscm the Scratcher, a weakling FeTm (D:3)
  3 leopard geckos
  5 orcs
  A ball python (D:3)
  3 giant cockroaches
  11 hobgoblins
  7 jackals
  8 kobolds
  A quokka (D:4)
  6 bats
  5 frilled lizards
  13 goblins
  8 rats
103 creatures vanquished.

Notes
Turn   | Place    | Note
-------+----------+-------------------------------------------
     0 | D:1      | Irenicus the Octopode Chaos Knight began the quest for the Orb.
     0 | D:1      | Reached XP level 1. HP: 16/16 MP: 1/1
   105 | D:1      | XOM: silly message
   151 | D:1      | XOM: harmless Necr miscast
   290 | D:1      | Reached XP level 2. HP: 18/21 MP: 2/2
   311 | D:1      | XOM: harmless Erth miscast
   461 | D:1      | XOM: noise
   611 | D:1      | Reached skill level 4 in Unarmed Combat
   611 | D:1      | Reached XP level 3. HP: 25/26 MP: 3/3
  1065 | D:2      | Reached XP level 4. HP: 25/31 MP: 4/4
  1298 | D:2      | Reached skill level 5 in Unarmed Combat
  1305 | D:2      | Found a shadowy altar of Dithmenos.
  1309 | D:2      | Found a sparkling altar of Nemelex Xobeh.
  1324 | D:2      | XOM: mild Chrm miscast
  1796 | D:3      | Reached XP level 5. HP: 31/36 MP: 5/5
  1827 | D:3      | Reached skill level 6 in Unarmed Combat
  1837 | D:3      | Noticed dscm's ghost (weakling FeTm)
  1847 | D:3      | Killed dscm's ghost
  1946 | D:3      | XOM is BORED!
  1946 | D:3      | XOM: mild Erth miscast
  2104 | D:3      | XOM: cast spell 'Olgreb's Toxic Radiance'
  2118 | D:3      | XOM: silly message
  2176 | D:3      | Reached XP level 6. HP: 30/42 MP: 4/6
  2282 | D:4      | Noticed Robin
  2314 | D:4      | Killed Robin
  2414 | D:4      | Found a staircase to the Ecumenical Temple.
  2545 | D:4      | XOM: fog
  2569 | D:4      | XOM: divination: detect creatures
  2571 | D:4      | XOM: butterfly on damage
  2574 | D:4      | Xom revived you
  2596 | D:4      | XOM: divination: magic mapping
  2599 | D:4      | Reached skill level 7 in Unarmed Combat
  2935 | D:5      | Entered Level 5 of the Dungeon
  3149 | D:5      | XOM: 9-stop teleportation journey
  3245 | D:5      | Got a polished whip
  3246 | D:5      | Identified the +6 whip "Waeli" {freeze, Int+3} (You found it on level 5 of the Dungeon)
  3329 | D:5      | XOM: summons 1 hostile shadow creature
  3359 | D:5      | Reached skill level 1 in Maces & Flails
  3359 | D:5      | Reached XP level 7. HP: 32/46 MP: 5/7
  3486 | D:5      | XOM: severe Conj miscast
  3590 | D:5      | XOM: stat loss: -1 Int (16/17)
  3637 | D:5      | XOM: summons 4 hostile shadow creatures
  3648 | D:5      | Slain by a centaur

Skill      XL: |  1  2  3  4  5  6  7 |
---------------+----------------------+-----
Unarmed Combat | 4 5 6 7 |  7.0
Dodging        | 3 |  3.8
Maces & Flails | 1 2 |  2.4
Fighting       | |  3.0

Action                   |  1- 3 |  4- 6 |  7- 9 || total
-------------------------+-------+-------+-------++-------
Melee: Unarmed           |    63 |   140 |       ||   203
       Constrict         |    18 |    42 |     6 ||    66
       Tentacles         |    11 |    24 |     5 ||    40
       Punch             |     2 |     5 |     1 ||     8
       Whip              |       |    21 |    17 ||    38
Evoke: Wand              |       |       |     2 ||     2
  Use: Potion            |       |     3 |     2 ||     5
 Stab: Sleeping          |     1 |     7 |       ||     8
       Distracted        |       |     1 |       ||     1
  Eat: Chunk             |       |     7 |     1 ||     8
Armor: Skin              |     4 |     7 |     2 ||    13
Dodge: Dodged            |    38 |    78 |    18 ||   134
